 Dungeon Crawl Stone Soup version 0.27-a0-1196-g3e9cee4cb2 (webtiles) character file.

Game seed: 507160422978769853

543 Alter the Cudgeller (level 7, -5/60 HPs)
             Began as a Minotaur Fighter on May 28, 2021.
             Slain by an acid dragon (8 damage)
             ... on level 4 of the Dungeon.
             The game lasted 00:08:06 (3065 turns).

Alter the Cudgeller (Minotaur Fighter)              Turns: 3065, Time: 00:08:07

Health: -5/60      AC:  7    Str: 21    XL:     7   Next: 6%
Magic:  6/6        EV:  8    Int:  5    God:
Gold:   201        SH: 10    Dex: 11    Spells: 6/6 levels left

rFire    . . .     SeeInvis .   a - +2 flail
rCold    . . .     Faith    .   c - +0 kite shield
rNeg     . . .     Spirit   .   b - +0 scale mail
rPois    .         Reflect  .   (helmet restricted)
rElec    .         Harm     .   (no cloak)
rCorr    .         Rampage  .   (no gloves)
Will     .....                  (no boots)
Stlth    ..........             (no amulet)
HPRegen  0.20/turn              (no ring)
MPRegen  0.10/turn              (no ring)

@: no status effects
A: horns 2, retaliatory headbutt
a: no special abilities


You were on level 4 of the Dungeon.
You visited 1 branch of the dungeon, and saw 5 of its levels.

You collected 201 gold pieces.

Inventory:

Hand Weapons
 a - a +2 flail (weapon)
Armour
 b - a +0 scale mail (worn)
 c - a +0 kite shield (worn)
Wands
 d - a wand of mindburst (15) (quivered)
Scrolls
 e - a scroll of identify
 g - a scroll of enchant armour
 h - a scroll of holy word


   Skills:
 + Level 4.9 Fighting
 + Level 6.1 Maces & Flails
 + Level 5.5 Armour
 + Level 1.7 Dodging
 + Level 0.1 Stealth
 + Level 5.1 Shields


You had 6 spell levels left.
You didn't know any spells.
Your spell library contained the following spells:

 Spells                   Type           Power      Damage    Failure   Level
 Magic Dart               Conj           0%         1d3       99%         1
 Searing Ray              Conj           0%         3d3       100%        2
 Dazzling Flash           Conj/Hex       0%         N/A       100%        3
 Fulminant Prism          Conj/Hex       0%         3d6       100%        4
 Iskenderun's Mystic Bla  Conj/Tloc      0%         2d3       100%        4


Dungeon Overview and Level Annotations

Branches:
Dungeon (5/15)
 Temple: D:4-7

Altars:
Fedhas
Okawaru
Uskayaw
Yredelemnul

Shops:
D:1 =

Annotations:
D:4 Dowan, Duvessa


Innate Abilities, Weirdness & Mutations

You have a pair of horns on your head.
You reflexively headbutt those who attack you in melee.


Message History

You barely miss the quokka. The quokka bites you.
You block the quokka's attack.
You closely miss the quokka. The quokka barely misses you.
The adder bites you but does no damage.
You closely miss the quokka. You block the quokka's attack.
The adder barely misses you. You block the quokka's attack.
You sock the quokka!
You kill the quokka!
The adder closely misses you. You furiously retaliate!
You headbutt the adder. The adder closely misses you.
The adder barely misses you. You furiously retaliate!
You headbutt the adder!
You kill the adder!
You see here a quokka corpse.
An acid dragon comes into view.
The acid dragon bites you. You block the acid dragon's attack.
You barely miss the acid dragon. Your headbutt misses the acid dragon.
The acid dragon spits acid at you. The splash of acid hits you!
You are splashed with acid!
You hear a shout! x2
You closely miss the acid dragon. The acid dragon bites you!
The acid dragon claws you.
* * * LOW HITPOINT WARNING * * *
The acid dragon bites you.
* * * LOW HITPOINT WARNING * * *
You block the acid dragon's attack.
You sock the acid dragon!
The acid dragon is moderately wounded.
The acid dragon barely misses you. You block the acid dragon's attack.
You feel better. You block the acid dragon's attack. The acid dragon claws you.
You barely miss the acid dragon.
The acid dragon is moderately wounded.
The acid dragon spits acid at you. The splash of acid hits you!
* * * LOW HITPOINT WARNING * * *
You are splashed with acid!
* * * LOW HITPOINT WARNING * * *
A goblin comes into view. It is wielding a +0 club.
The goblin shouts!
The acid dragon bites you!
You die...

..#g# #.#.#
..... #.#.#
. #.#.# #
.. #.#.#.#
.#
#.#.#.#..#.
#...D......
###@#.##.#.
#<.†.....#
###.#.#..#
#.#.# .#
#.# # # #.#
#.# ..# ###


You could see an acid dragon (catching breath).

Vanquished Creatures
  A black bear (D:5)
  A necrophage (D:2)
  A scorpion (D:4)
  A jelly (D:3)
  Terence (D:3)
  Natasha (thrice) (D:3)
  A scorpion zombie (D:3)
  Ijyb (D:3)
  4 adders
  A worm (D:3)
  3 dart slugs
  2 orcs (D:3)
  8 ball pythons
  4 endoplasms
  4 giant cockroaches
  3 goblins
  4 hobgoblins
  14 jackals
  7 quokkas
  A ball python zombie (D:3)
  7 bats
  2 frilled lizards
  5 kobolds
  A quokka zombie (D:3)
  5 rats
85 creatures vanquished.

Notes
Turn   | Place    | Note
-------+----------+-------------------------------------------
     0 | D:1      | Alter the Minotaur Fighter began the quest for the Orb.
     0 | D:1      | Reached XP level 1. HP: 19/19 MP: 0/0
   119 | D:1      | Found Lyuntoc's Jewellery Boutique.
   143 | D:1      | Reached XP level 2. HP: 25/27 MP: 1/1
   349 | D:1      | Reached skill level 3 in Maces & Flails
   393 | D:1      | Found a faded altar of an unknown god.
   637 | D:2      | Reached XP level 3. HP: 32/33 MP: 2/2
   765 | D:2      | Noticed a necrophage
   794 | D:2      | Killed a necrophage
   795 | D:2      | Reached skill level 4 in Maces & Flails
   795 | D:2      | Reached XP level 4. HP: 26/41 MP: 3/3
   986 | D:2      | Reached XP level 5. HP: 38/47 MP: 4/4
  1279 | D:3      | Noticed Natasha
  1290 | D:3      | Killed Natasha
  1401 | D:3      | Noticed Ijyb
  1402 | D:3      | Noticed Terence
  1411 | D:3      | Killed Ijyb
  1412 | D:3      | Reached skill level 1 in Dodging
  1417 | D:3      | Killed Terence
  1599 | D:3      | You fall into a shaft and drop 2 floors!
  1599 | D:5      | Entered Level 5 of the Dungeon
  1607 | D:5      | Noticed a black bear
  1615 | D:5      | Killed a black bear
  1616 | D:5      | Reached skill level 5 in Maces & Flails
  1616 | D:5      | Reached skill level 5 in Armour
  1616 | D:5      | Reached XP level 6. HP: 27/55 MP: 5/5
  1627 | D:4      | Found a blossoming altar of Fedhas.
  1891 | D:4      | Reached skill level 5 in Shields
  2074 | D:4      | Noticed Duvessa
  2075 | D:4      | Noticed Dowan
  2404 | D:3      | Found a hide-covered altar of Uskayaw.
  2407 | D:3      | Found an iron altar of Okawaru.
  2419 | D:3      | Found a transporter.
  2432 | D:3      | Found a transporter.
  2816 | D:3      | Found a basalt altar of Yredelemnul.
  2849 | D:3      | Noticed Natasha
  2928 | D:3      | Killed Natasha
  2943 | D:3      | Noticed Natasha
  2948 | D:3      | Killed Natasha
  2949 | D:3      | Reached skill level 6 in Maces & Flails
  2949 | D:3      | Reached XP level 7. HP: 52/60 MP: 6/6
  3064 | D:4      | HP: 3/60 [acid (9)]
  3065 | D:4      | Slain by an acid dragon

Illustrated notes

Levels and vault maps discovered:
D:1:      minmay_arrival_jagged, layout_rooms,
          chequers_ecumenical_altar_simple_redux, serial_shops, shop_statue
D:2:      layout_rooms
D:3:      layout_loops_cross, gammafunk_temple_overflow_arena,
          lemuel_zombie_altar_yredelemnul, uniq_terence, uniq_natasha, uniq_ijyb
D:4:      layout_basic, nicolae_overflow_hidden_temple,
          nicolae_qazlal_scattered_showers, minmay_misc_feat_nine_boxes,
          st_stairs_9, solitary_fountain, minivault_23, uniq_duvessa
D:5:      layout_loops_cross, minmay_misc_feat_rugged

Skill      XL: |  1  2  3  4  5  6 |
---------------+-------------------+-----
Maces & Flails | 3 4 5 6 |  6.1
Fighting       | 4 |  4.9
Armour         | 4 5 |  5.5
Shields        | 4 5 |  5.1
Dodging        | 1 |  1.7
Stealth        | |  0.1

Action                   |  1- 3 |  4- 6 |  7- 9 || total
-------------------------+-------+-------+-------++-------
Melee: Flail             |    78 |   114 |     9 ||   201
       Headbutt          |    11 |    15 |       ||    26
  Use: Scroll            |     4 |     1 |     2 ||     7
       Potion            |       |     4 |     1 ||     5
Armor: Scale mail        |    50 |    49 |     1 ||   100
Dodge: Dodged            |    25 |    41 |     7 ||    73
Block: Kite shield       |    61 |    72 |     8 ||   141

Table legend: (Time is in decaauts)
 A = Elapsed time spent in this place.
 B = Non-inter-level travel time spent in this place.
 C = Inter-level travel time spent in this place.
 D = Time resting spent in this place.
 E = Time spent auto-exploring this place.
 F = Levels seen in this place.
 G = Mean time per level.
                   A        B        C        D        E       F      G
               +--------+--------+--------+--------+--------+-----+--------+
         Total |   3147 |   3147 |      0 |    678 |   1335 |   5 |  629.4 |
       Dungeon |   3147 |   3147 |      0 |    678 |   1335 |   5 |  629.4 |
               +--------+--------+--------+--------+--------+-----+--------+

Top non-repeatable levels by time:
     D:3: 1363 daAuts
     D:1: 639 daAuts
     D:2: 636 daAuts
     D:4: 470 daAuts
     D:5: 37 daAuts
